 Dungeon Crawl Stone Soup version 0.31-a0-152-g6aa68a64a1 (webtiles) character file.

Game seed: 80766954303984337

315 qw the Shooter (level 6, -2/38 HPs)
             Began as a Gargoyle Hunter on June 10, 2023.
             Slain by an iguana (9 damage)
             ... on level 4 of the Dungeon.
             The game lasted 00:01:14 (2624 turns).

qw the Shooter (Gargoyle Hunter)                    Turns: 2624, Time: 00:01:14

Health: -2/38      AC:  8    Str: 19    XL:     6   Next: 44%
Magic:  6/6        EV: 11    Int:  9    God:
Gold:   846        SH:  0    Dex: 15    Spells: 5/5 levels left

rFire   + . .        Y - +0 shortbow
rCold   + . .        (shield currently unavailable)
rNeg    + . .        b - +1 leather armour "Zesm" {Contam rCorr Str+4}
rPois   inf          (no helmet)
rElec   +            (no cloak)
rCorr   +            (no gloves)
SInv    +            (no boots)
Will    .....        (no amulet)
Stlth   ++           (no ring)
HPRegen 1.06/turn    (no ring)
MPRegen 0.10/turn

%: no passive effects
@: resistant
A: sickness immunity, AC +4, negative energy resistance 1, electricity
resistance, torment resistance 1, petrification resistance, see invisible,
regeneration 1
a: no special abilities


You were on level 4 of the Dungeon.
You visited 1 branch of the dungeon, and saw 5 of its levels.

You collected 846 gold pieces.


Innate Abilities, Weirdness & Mutations

You are immune to sickness and miasma.
Your stone body is resilient. (AC +4)
You are immune to poison.
You resist negative energy. (rN+)
You are resistant to electric shocks. (rElec)
You are resistant to unholy torment.
You are immune to petrification.
You have supernaturally acute eyesight. (SInv)
Your natural rate of healing is unusually fast.


   Skills:
 - Level 4.0 Fighting
 + Level 6.8 Ranged Weapons
 - Level 1.5 Dodging
 - Level 1.1 Stealth


You had 5 spell levels left.
You didn't know any spells.
Your spell library was empty.

Inventory:

Hand Weapons
 Y - a +0 shortbow (weapon)
Armour
 b - the +1 leather armour "Zesm" (worn) {Contam rCorr Str+4}
   (You found it on level 2 of the Dungeon)

   Str:       It affects your strength (+4).
   Contam:    It causes magical contamination when unequipped.
   rCorr:     It protects you from acid and corrosion.
Potions
 c - a potion of heal wounds {unknown}
 e - 2 potions of curing
 f - a potion of mutation
 g - a potion of attraction {unknown}
 h - a potion of resistance
 j - a potion of haste {unknown}

Dungeon Overview and Level Annotations

Branches:
Dungeon (5/15)
 Temple: D:4-7

Altars:


Message History

The iguana misses you.
The gnoll hits you from afar with a +0 halberd.
The gnoll misses you.
You shoot an arrow. The arrow barely misses the iguana.
The iguana bites you!
The gnoll hits you from afar with a +0 halberd.
The gnoll barely misses you.
2617 ||| STAIRDANCE The gnoll hits you but does no damage.
The gnoll closely misses you. The iguana barely misses you.
You climb upwards.
There is a stone staircase leading down here.
Enter note:
Enter note:
Enter note:
Enter note:
Enter note:
Enter note:
Enter note:
Enter note:
Enter note: You shoot an arrow.
The arrow hits the iguana.
The iguana is moderately wounded.
The iguana hisses menacingly.
The iguana bites you.
You shoot an arrow. The arrow barely misses the iguana.
The iguana bites you!
You shoot an arrow.
The arrow hits the iguana but does no damage.
The iguana is moderately wounded.
The iguana barely misses you.
You shoot an arrow. The arrow hits the iguana.
The iguana is heavily wounded.
The iguana closely misses you.
You shoot an arrow. The arrow hits the iguana.
The iguana is almost dead.
The iguana bites you but does no damage.
You shoot an arrow. The arrow barely misses the iguana.
The iguana bites you!
You die...

##.#.#.#.##..#
##.#.#.#.##..#
###..#..######
..##.#.## ........#
########### .######.#
#.........#
#######.###.........#
......).............#
.######.###.....@l..#
.# #.# #.........# .#
#.# #.........# .#
#.# #.........# .#
###.###.........#
.####..........######
...#..#.########
.....##.# ##.####.#


You could see an iguana.

Vanquished Creatures
  A phantom (D:4)
  A scorpion (D:4)
  An iguana (D:4)
  A gnoll (D:5)
  6 adders
  2 worms
  5 dart slugs
  2 orcs (D:4)
  7 bats
  4 endoplasms
  4 giant cockroaches
  5 goblins
  5 hobgoblins
  7 kobolds
  9 quokkas
  9 ball pythons
  4 frilled lizards
  5 rats
78 creatures vanquished.

Notes
Turn   | Place    | Note
-------+----------+-------------------------------------------
     0 | D:1      | qw the Gargoyle Hunter began the quest for the Orb.
     0 | D:1      | Reached XP level 1. HP: 12/12 MP: 1/1
     0 | D:1      | 0 ||| qw: Version: 0.2-a-29-g67ad517
     0 | D:1      | 0 ||| qw: Game counter: 3939
     0 | D:1      | 0 ||| qw: Always use a shield: true
     0 | D:1      | 0 ||| qw: God list: Okawaru
     0 | D:1      | 0 ||| qw: Allow faded altars: false
     0 | D:1      | 0 ||| qw: Do Orc after D:15 true
     0 | D:1      | 0 ||| qw: Do second Lair branch before Depths: true
     0 | D:1      | 0 ||| qw: Lair rune preference: random
     0 | D:1      | 0 ||| qw: Plans: Normal, Zot:1-4, Slime:5, God:TSO, Crypt,
                  | Tomb, Abyss, Pan, Hells, Win
     0 | D:1      | 0 ||| PLANNING D:1-11
    99 | D:1      | Reached XP level 2. HP: 17/17 MP: 2/2
   428 | D:1      | Reached XP level 3. HP: 21/21 MP: 3/3
   572 | D:1      | Found a faded altar of an unknown god.
   600 | D:1      | Reached skill level 5 in Ranged Weapons
   665 | D:1      | 665 ||| READING scroll labelled QORANIUROTH.
   666 | D:1      | 666 ||| READING scroll labelled OMUWNE UNUPLY.
   667 | D:1      | 667 ||| READING scroll labelled YSAHAPR VIEV.
   668 | D:1      | 668 ||| READING 2 scrolls labelled ETAOL NAIH.
   669 | D:1      | 669 ||| DROPPING scroll of butterflies.
   670 | D:1      | 670 ||| DROPPING scroll of immolation.
   756 | D:2      | 756 ||| FLEEEEING.
  1084 | D:2      | Identified the +1 leather armour "Zesm" {Contam rCorr
                  | Str+4}
  1219 | D:2      | Reached skill level 3 in Fighting
  1272 | D:2      | Reached XP level 4. HP: 25/28 MP: 4/4
  1479 | D:2      | 1479 ||| UPGRADING to +1 leather armour "Zesm" {Contam
                  | rCorr Str+4}.
  1489 | D:2      | 1489 ||| DROPPING +0 leather armour.
  1490 | D:2      | 1490 ||| READING scroll labelled XINOVU KUFRY.
  1491 | D:2      | 1491 ||| READING scroll labelled SOX TOAFUE.
  1932 | D:3      | 1932 ||| READING scroll labelled QOSULER HOSUSOUG.
  2033 | D:3      | 2033 ||| READING scroll labelled ECRIZXIONO.
  2033 | D:3      | Identified a scroll of acquirement
  2033 | D:3      | 2033 ||| ACQUIRING 646 gold pieces
  2033 | D:3      | Acquired 646 gold pieces
  2035 | D:3      | 2035 ||| READING scroll labelled IQOIGY CABAI.
  2036 | D:3      | 2036 ||| READING scroll labelled JEALLUNUNK.
  2037 | D:3      | 2037 ||| DRINKING 2 bubbling silvery potions.
  2038 | D:3      | 2038 ||| DRINKING 2 bubbling sapphire potions.
  2038 | D:3      | Gained mutation: You have supernaturally acute eyesight.
                  | (SInv) [potion of mutation]
  2038 | D:3      | Gained mutation: Your natural rate of healing is unusually
                  | fast. [potion of mutation]
  2039 | D:3      | 2039 ||| DRINKING 2 orange potions.
  2040 | D:3      | 2040 ||| DROPPING potion of degeneration.
  2138 | D:4      | Noticed a phantom
  2153 | D:4      | Killed a phantom
  2154 | D:4      | Reached skill level 6 in Ranged Weapons
  2154 | D:4      | Reached XP level 5. HP: 32/32 MP: 5/5
  2398 | D:4      | Reached XP level 6. HP: 28/38 MP: 6/6
  2576 | D:4      | 2576 ||| DROPPING ring of flight.
  2577 | D:4      | 2577 ||| READING scroll labelled COTIEKHLAHO.
  2578 | D:4      | 2578 ||| DRINKING 2 ruby potions.
  2605 | D:5      | Entered Level 5 of the Dungeon
  2617 | D:5      | 2617 ||| STAIRDANCE
  2620 | D:4      | HP: 3/38 [iguana (11)]
  2624 | D:4      | Slain by an iguana

Levels and vault maps discovered:
D:1:      wander_arrival_abandoned_jail, layout_loops_ring,
          shapermc_ecumenical_altar_mp_urbaneastern
D:2:      layout_loops_ring, chequers_hall_statues_y
D:3:      layout_rooms, minmay_quantized
D:4:      layout_rooms, corexii_shack, interstate_on_off
D:5:      layout_rooms, slow_altar_1

Skill      XL: |  1  2  3  4  5 |
---------------+----------------+-----
Ranged Weapons | 5 6 |  6.8
Fighting       | 3 4 |  4.0
Dodging        | |  1.5
Stealth        | |  1.1

Action                     |  1- 3 |  4- 6 || total
---------------------------+-------+-------++-------
   Fire: Shortbow          |   114 |   172 ||   286
    Use: Scroll            |     4 |     7 ||    11
         Potion            |       |     4 ||     4
 Armour: Leather armour    |    16 |    38 ||    54
  Dodge: Dodged            |    23 |    51 ||    74

Table legend:
 A = Non-vault XP
 B = Vault XP
 C = Vault XP percentage of total XP
 D = Non-vault monster count
 E = Vault monster count
 F = Vault count percentage of total count
                 A         B        C        D         E       F
            +---------+---------+-------+---------+---------+-------
      Total |     434 |      17 |   3.8 |      74 |       4 |   5.1
            +---------+---------+-------+---------+---------+-------
        D:1 |      39 |       0 |   0.0 |      24 |       0 |   0.0
        D:2 |      46 |       0 |   0.0 |      16 |       0 |   0.0
        D:3 |      23 |      16 |  41.0 |      13 |       3 |  18.8
        D:4 |     309 |       1 |   0.3 |      19 |       1 |   5.0
        D:5 |      17 |       0 |   0.0 |       2 |       0 |   0.0
            +---------+---------+-------+---------+---------+-------
